 Dungeon Crawl Stone Soup version 0.22-a0-430-g6609fc6 (webtiles) character file.

2876338 Pikaro the Invulnerable (level 27, 273/273 HPs)
             Began as a Minotaur Fighter on May 26, 2018.
             Was the Champion of Zin.
             Escaped with the Orb
             ... and 5 runes!
             The game lasted 03:27:37 (85351 turns).

Pikaro the Invulnerable (Minotaur Fighter)         Turns: 85351, Time: 03:27:37

Health: 273/273    AC: 43    Str: 34    XL:     27
Magic:  35/35      EV: 29    Int: 16    God:    Zin [******]
Gold:   5344       SH:  5    Dex: 24    Spells: 26/26 levels left

rFire    + + +     SeeInvis .   C - +9 bardiche (flame) {!w}
rCold    + + .     Gourm    .   (shield currently unavailable)
rNeg     + + +     Faith    .   d - +12 gold dragon scales
rPois    +         Spirit   +   N - -2 hat of the Alchemist {rElec rPois rF+ rC+ rN+ MR+ rMut rCorr}
rElec    +         Reflect  +   h - scarf {Spirit}
rCorr    +         Harm     .   O - +0 pair of gloves of the Maze {Str-5 Slay+5}
rMut     +         Clarity  +   l - +2 pair of boots of the Assassin {Detection Stab+ Stlth++}
MR       ++++.                  u - amulet "Oshrev" {Reflect +Blink rF+ Str+4 SH+5}
Stlth    ..........             H - ring "Etaq" {rN+ MR+ Str-2 Int+4 Dex+5}
HPRegen  0.55/turn              S - ring of the Sky {*Drain rN+ Str+9 Int+5 Dex+3}
MPRegen  0.24/turn

@: no status effects
A: retaliatory headbutt, horns 2, clarity, clever 1, deterioration 1
0: Orb of Zot
}: 5/15 runes: barnacled, slimy, silver, abyssal, gossamer
a: Recite, Vitalisation, Imprison, Sanctuary, Donate Gold, Renounce Religion,
Evoke Blink


You escaped.
You worshipped Zin.
Zin was exalted by your worship.
You were not hungry.

You visited 12 branches of the dungeon, and saw 58 of its levels.
You visited the Abyss 2 times.
You also visited: Trove and Ice Cave.

You collected 10211 gold pieces.
You spent 4559 gold pieces at shops.
You donated 308 gold pieces to Zin.

Inventory:

Hand Weapons
 C - a +9 bardiche of flaming (weapon) {!w}
   (You took it off a vault warden on level 5 of the Vaults)
 L - a +9 blowgun
   (You found it on level 7 of the Dungeon)
Missiles
 p - 10 throwing nets {=f, !d}
Armour
 d - +12 gold dragon scales (worn)
   (You found it on level 5 of the Vaults)
 g - a +1 cloak
   (You took it off a draconian knight on level 5 of the Realm of Zot)
 h - a scarf of spirit shield (worn)
   (You found it on level 10 of the Dungeon)
 l - the +2 pair of boots of the Assassin (worn) {Detection Stab+ Stlth++}
   (You bought it in a shop on level 1 of the Shoals)

   It makes you much more stealthy.
 J - a +0 cloak of invisibility
   (You took it off a draconian knight on level 4 of the Realm of Zot)
 N - the -2 hat of the Alchemist (worn) {rElec rPois rF+ rC+ rN+ MR+ rMut rCorr}
   (You found it on level 7 of the Dungeon)

   It protects you from fire.
   It protects you from cold.
   It insulates you from electricity.
   It protects you from poison.
   It protects you from negative energy.
   It affects your resistance to hostile enchantments.
   It protects you from acid and corrosion.
   It protects you from mutation.
 O - the +0 pair of gloves of the Maze (worn) {Str-5 Slay+5}
   (You found it on level 7 of the Dungeon)

   It affects your strength (-5).
   It affects your accuracy and damage with ranged weapons and melee attacks
   (+5).
 T - a +2 cloak
   (You took it off a draconian shifter on level 5 of the Realm of Zot)
 V - the +1 robe of Resilience {rF+, unknown}
   (You found it on level 5 of the Realm of Zot)

   It protects you from fire.
Jewellery
 t - an uncursed ring of see invisible {sInv}
   (You took it off Joseph on level 7 of the Dungeon)
 u - the amulet "Oshrev" (around neck) {Reflect +Blink rF+ Str+4 SH+5}
   (You found it in a treasure trove)

   [amulet of reflection]

   It shields you and reflects attacks.
   It affects your strength (+4).
   It protects you from fire.
   It lets you blink.
   It affects your SH (+5).
 H - the ring "Etaq" (left hand) {rN+ MR+ Str-2 Int+4 Dex+5}
   (You found it on level 2 of the Abyss)

   [ring of positive energy]

   It affects your strength (-2).
   It affects your intelligence (+4).
   It affects your dexterity (+5).
   It protects you from negative energy.
   It affects your resistance to hostile enchantments.
 S - the ring of the Sky (right hand) {*Drain rN+ Str+9 Int+5 Dex+3}
   (You acquired it on level 2 of the Realm of Zot)

   [ring of intelligence]

   It affects your strength (+9).
   It affects your intelligence (+5).
   It affects your dexterity (+3).
   It protects you from negative energy.
   It causes draining when unequipped.
Wands
 v - a wand of iceblast (24)
   (You found it on level 2 of the Spider Nest)
 x - a wand of scattershot (17)
   (You found it on level 15 of the Dungeon)
 A - a wand of disintegration (42)
   (You found it on level 5 of the Dungeon)
 F - a wand of enslavement (59)
   (You found it on level 7 of the Dungeon)
 I - a wand of acid (17)
   (You found it on level 1 of the Depths)
 Q - a wand of paralysis (67)
   (You found it on level 8 of the Dungeon)
Scrolls
 a - 3 scrolls of vulnerability {!r!r}
 b - 8 scrolls of blinking {!r}
 i - a scroll of immolation {!r}
 m - 10 scrolls of fear
 n - 9 scrolls of identify
 o - 11 scrolls of fog
 r - 9 scrolls of magic mapping {!r}
 w - 26 scrolls of remove curse
 z - 3 scrolls of silence
 B - 26 scrolls of teleportation
 M - a scroll of amnesia
Potions
 c - 4 potions of might
 e - 6 potions of resistance
 j - a potion of brilliance
 q - 3 potions of berserk rage {!q}
 D - 2 potions of mutation
 E - 2 potions of agility
 G - a potion of magic
 K - 2 potions of invisibility
 P - 20 potions of curing
 U - 3 potions of haste
 W - 2 potions of heal wounds
Miscellaneous
 k - 2 phantom mirrors
 s - a lightning rod (4/4)
   (You found it on level 3 of the Depths)
 y - a crystal ball of energy
   (You found it on level 5 of the Vaults)
 R - a fan of gales
   (You found it on level 3 of the Elven Halls)
 X - a lamp of fire
   (You found it on level 3 of the Elven Halls)
 Y - a phial of floods
   (You found it on level 3 of the Elven Halls)
Comestibles
 f - 60 rations


   Skills:
 O Level 27 Fighting
 + Level 25.0 Polearms
 O Level 27 Armour
 + Level 26.8 Dodging
   Level 3.6 Shields
 - Level 16.0 Invocations
 + Level 19.6 Evocations


You had 26 spell levels left.
You didn't know any spells.
Your spell library contained the following spells:

 Spells                   Type           Power        Failure   Level  Hunger
 Cause Fear               Hex            #.........   100%        4    #####..
 Fireball                 Conj/Fire      #.........   100%        5    ######.
 Apportation              Tloc           #.....       73%         1    ##.....
 Bolt of Fire             Conj/Fire      #.........   100%        6    #######
 Bolt of Cold             Conj/Ice       #.........   100%        6    #######
 Lightning Bolt           Conj/Air       #.........   100%        5    ######.
 Bolt of Magma            Conj/Fire/Erth #.........   100%        5    ######.
 Slow                     Hex            #.......     86%         2    ###....
 Confuse                  Hex            #.......     97%         3    ####...
 Invisibility             Hex            #.......     100%        6    #######
 Controlled Blink         Tloc           N/A          100%        8    #######
 Freezing Cloud           Conj/Ice/Air   #.........   100%        6    #######
 Ring of Flames           Chrm/Fire      #.........   100%        7    #######
 Venom Bolt               Conj/Pois      #.........   100%        5    ######.
 Summon Small Mammal      Summ           #...         73%         1    ##.....
 Bolt of Draining         Conj/Necr      #.........   100%        5    ######.
 Lehudib's Crystal Spear  Conj/Erth      #.........   100%        8    #######
 Fire Storm               Conj/Fire      #.........   100%        9    #######
 Blink                    Tloc           N/A          86%         2    ###....
 Summon Horrible Things   Summ           #.........   100%        8    #######
 Animate Dead             Necr           N/A          100%        4    #####..
 Pain                     Necr           #...         73%         1    ##.....
 Animate Skeleton         Necr           N/A          73%         1    ##.....
 Vampiric Draining        Necr           #.........   97%         3    ####...
 Ozocubu's Refrigeration  Ice            #.........   100%        6    #######
 Summon Ice Beast         Ice/Summ       #.......     100%        4    #####..
 Ozocubu's Armour         Chrm/Ice       #.......     97%         3    ####...
 Call Imp                 Summ           #.......     86%         2    ###....
 Dispel Undead            Necr           #.......     100%        5    ######.
 Poison Arrow             Conj/Pois      #.........   100%        6    #######
 Regeneration             Chrm/Necr      #.........   97%         3    ####...
 Sublimation of Blood     Necr           #.........   86%         2    ###....
 Tukima's Dance           Hex            #.......     97%         3    ####...
 Summon Demon             Summ           #.........   100%        5    ######.
 Summon Greater Demon     Summ           #.........   100%        7    #######
 Corpse Rot               Necr           N/A          86%         2    ###....
 Iron Shot                Conj/Erth      #.........   100%        6    #######
 Shock                    Conj/Air       #...         73%         1    ##.....
 Swiftness                Chrm/Air       #.......     86%         2    ###....
 Recall                   Summ/Tloc      N/A          97%         3    ####...
 Agony                    Necr           #.......     100%        5    ######.
 Blade Hands              Tmut           #.........   100%        5    ######.
 Statue Form              Tmut/Erth      #........    100%        6    #######
 Ice Form                 Ice/Tmut       #.......     100%        4    #####..
 Dragon Form              Tmut           #.........   100%        7    #######
 Deflect Missiles         Chrm/Air       #.........   100%        6    #######
 Glaciate                 Conj/Ice       #.........   100%        9    #######
 Airstrike                Air            #.........   100%        4    #####..
 Shadow Creatures         Summ           N/A          100%        6    #######
 Confusing Touch          Hex            #.....       73%         1    ##.....
 Ignite Poison            Fire/Tmut/Pois #.......     97%         3    ####...
 Call Canine Familiar     Summ           #.......     97%         3    ####...
 Metabolic Englaciation   Hex/Ice        #.........   100%        5    ######.
 Summon Butterflies       Summ           #.......     73%         1    ##.....
 Silence                  Hex/Air        #.........   100%        5    ######.
 Shatter                  Erth           #.........   100%        9    #######
 Static Discharge         Conj/Air       #.......     97%         3    ####...
 Alistair's Intoxication  Tmut/Pois      #.......     100%        5    ######.
 Lee's Rapid Deconstruct  Erth           #.........   100%        5    ######.
 Sandblast                Erth           #.....       73%         1    ##.....
 Simulacrum               Ice/Necr       #.........   100%        6    #######
 Conjure Ball Lightning   Conj/Air       #.........   100%        6    #######
 Chain Lightning          Conj/Air       #.........   100%        8    #######
 Excruciating Wounds      Chrm/Necr      #.........   100%        5    ######.
 Monstrous Menagerie      Summ           #.........   100%        7    #######
 Petrify                  Tmut/Erth      #.......     100%        4    #####..
 Orb of Destruction       Conj           #.........   100%        7    #######
 Malign Gateway           Summ/Tloc      #.........   100%        7    #######
 Tornado                  Air            #.........   100%        9    #######
 Leda's Liquefaction      Hex/Erth       #.........   100%        4    #####..
 Shroud of Golubria       Chrm/Tloc      #.........   86%         2    ###....
 Inner Flame              Hex/Fire       #.......     97%         3    ####...
 Aura of Abjuration       Summ           #.........   100%        5    ######.
 Beastly Appendage        Tmut           #.....       73%         1    ##.....
 Iskenderun's Battlesphe  Conj/Chrm      #.......     100%        5    ######.
 Infusion                 Chrm           #...         73%         1    ##.....
 Song of Slaying          Chrm           #.......     86%         2    ###....
 Spectral Weapon          Hex/Chrm       #.......     97%         3    ####...
 Discord                  Hex            #.........   100%        8    #######
 Summon Forest            Summ/Tloc      #.........   100%        5    ######.
 Summon Lightning Spire   Summ/Air       #.......     100%        4    #####..
 Summon Guardian Golem    Hex/Summ       #.......     97%         3    ####...
 Spellforged Servitor     Conj/Summ      #.........   100%        7    #######
 Summon Mana Viper        Hex/Summ       #.......     100%        5    ######.
 Hydra Form               Tmut           #.........   100%        6    #######
 Irradiate                Conj/Tmut      #.........   100%        5    ######.
 Gell's Gravitas          Tloc           #.........   97%         3    ####...
 Yara's Violent Unravell  Hex/Tmut       #.........   100%        5    ######.
 Lesser Beckoning         Tloc           #.........   97%         3    ####...
 Ignition                 Fire           #.........   100%        8    #######
 Borgnjor's Vile Clutch   Necr/Erth      #.........   100%        5    ######.


Dungeon Overview and Level Annotations

Branches:
Dungeon (15/15)            Temple (0/1) D:6            Lair (6/6) D:9
 Shoals (4/4) Lair:4       Spider (4/4) Lair:2        Slime (5/5) Lair:6
    Orc (2/2) D:9             Elf (3/3) Orc:2        Vaults (5/5) D:13
  Crypt (3/3) Vaults:3       Tomb (0/3) Crypt:3      Depths (5/5) D:15
   Hell (1/1)                 Zot (5/5) Depths:5
    Dis: Hell:1         Geh: Hell:1         Coc: Hell:1         Tar: Hell:1

Altars:
Ashenzari
Elyvilon
Fedhas
Hepliaklqana
Kikubaaqudgha
Makhleb
Nemelex Xobeh
Qazlal
Ru
Sif Muna
Trog
Uskayaw
Wu Jian
Xom
Yredelemnul
Zin
Beogh
Lugonu

Shops:
D:7 }*[   D:10 =   D:14 =   D:15 %   Orc:2 ([*:   Elf:1 =*   Shoals:1 [
Shoals:4 *   Vaults:2 [   Vaults:4 ?   Vaults:5 }?%!   Depths:4 *

Portals:
Hell: Depths:1 Depths:2 Depths:3 Depths:4 Depths:5
Abyss: Depths:2 Depths:4
Pandemonium: Depths:3
Ziggurat: Depths:2

Annotations:
D:14 exclusion: Roxanne, Roxanne
Hell Geryon


Innate Abilities, Weirdness & Mutations

You reflexively headbutt those who attack you in melee.
You have a pair of horns on your head.
You possess an exceptional clarity of mind.
Your mind is acute. (Int +2)
Your body sometimes deteriorates upon taking damage.


Message History

You now have 24/35 mp.
You closely miss Kabeur. Kabeur completely misses you. You furiously retaliate!
You headbutt Kabeur!
You kill Kabeur!
Your Polearms skill increases to level 25!
You block the red devil's attack. The smoke demon completely misses you.
The smoke demon barely misses you. The smoke demon completely misses you.
The torturous demonspawn barely misses you.
You furiously retaliate!
You headbutt the torturous demonspawn, but do no damage.
The torturous demonspawn misses you.
You slice the smoke demon like a ripe choko!!!
You kill the smoke demon!
The red devil barely misses you. The red devil misses you.
The torturous demonspawn completely misses you.
The torturous demonspawn closely misses you.
You cut the torturous demonspawn into ribbons!!!
You burn the torturous demonspawn.
You kill the torturous demonspawn!
You block the red devil's attack. The red devil completely misses you.
Attack whom?
Aim: a red devil, wielding a trident (almost dead)
You reach to attack!
You open the red devil like a pillowcase!!!
You kill the red devil!
The torturous demonspawn misses you. The red devil completely misses you.
Attack whom?
Aim: a torturous demonspawn, wielding a demon trident of electrocution and wearing a leather armour (black smoke)
You reach to attack!
You slash the torturous demonspawn! You burn the torturous demonspawn.
You block the torturous demonspawn's attack.
Attack whom?
Aim: a torturous demonspawn, wielding a demon trident of electrocution and wearing a leather armour (moderately wounded)
You reach to attack!
You slice the torturous demonspawn!! You burn the torturous demonspawn.
You kill the torturous demonspawn!
The red devil hits you from afar with a trident of freezing.
You take 1 damage, and have 151/273 hp.
Attack whom?
Aim: an infernal demonspawn, wielding a glaive and wearing a scale mail You reach to attack!
You slice the infernal demonspawn!!
Attack whom?
Aim: an infernal demonspawn, wielding a glaive and wearing a scale mail (heavily wounded)
You reach to attack!
You closely miss the infernal demonspawn.
The red devil hits you from afar with a trident of freezing.
The red devil freezes you.
The infernal demonspawn completely misses you.
You take 5 damage, and have 147/273 hp.
You now have 24/35 mp.
Attack whom?
Aim: an infernal demonspawn, wielding a glaive and wearing a scale mail (heavily wounded)
You reach to attack!
You slice the infernal demonspawn like a ripe choko!!!
You kill the infernal demonspawn!
You block the red devil's attack.
Attack whom?
Aim: a red devil, wielding a trident of freezing You reach to attack!
You open the red devil like a pillowcase!!!
You kill the red devil!
No target in view!
No target in view!
Items here: )) [[ † a glaive; a scale mail; a demon trident of electrocution; a leather armour an infernal demonspawn corpse a vampiric demon whip {!w}; a leather armour You see here a demon whip.
You see here a trident of freezing. 2 stones; a whip You see here a stone.
There is a staircase leading out of the dungeon here.
You start resting.
You sense a monster nearby.
You regained 21 hp, and now have 179/273 hp.
MP restored: 35 You start resting.
You hear a grinding noise.
You sense a monster nearby.
You regained 15 hp, and now have 194/273 hp.
You start resting.
You sense a monster nearby.
You regained 11 hp, and now have 205/273 hp.
You start resting.
You sense a monster nearby.
You regained 4 hp, and now have 209/273 hp.
You start resting.
You sense a monster nearby.
You regained 9 hp, and now have 218/273 hp.
You start resting.
You sense a monster nearby.
You regained 22 hp, and now have 240/273 hp.
You start resting.
You sense a monster nearby.
You regained 10 hp, and now have 250/273 hp.
You start resting.
You sense a monster nearby.
You regained 5 hp, and now have 255/273 hp.
You start resting.
Health restored: 273; Total turns waited: 209 You have escaped!

#....≈...........)..)).≈§....#.##
#....≈..###########'##.≈.....##..
#....≈..##.[......).##.≈.....##..
#...§§§§##.........###.≈4....##..
#....§§.##.........##§≈≈.....##..
#....≈..####(########..≈§....####
#....≈..####'########.§≈.....#
#....≈≈...##.(....##..≈§§....#
#....≈....##....@(##...§.....#
#....≈....##......##...≈.....#
#....≈§...##########..≈≈.§...#
#....§≈≈≈.##########§§§≈.....#
#....≈≈≈≈..§§........≈§§§....#
#....≈≈§≈≈≈§.......≈≈§≈≈.....#
#......≈§≈§§§≈....≈§≈§≈≈.....#
#.......§§.§≈≈≈≈≈≈≈≈≈§≈≈.(...#
#............≈≈≈≈§≈§§§.......#


There were no monsters in sight!

Vanquished Creatures
  the Royal Jelly (Slime:5)
  8 orbs of fire
  8 ancient liches
  2 juggernauts
  2 pandemonium lords
  The ghost of Totori the Sharpshooter, a veteran FoFi of Okawaru (Slime:4)
  Margery (Vaults:4)
  6 caustic shrikes
  Saint Roka (Vaults:3)
  A curse toe (Zot:4)
  6 Killer Klowns
  Frederick (Depths:4)
  Xtahua (Depths:4)
  5 golden dragons
  Jory (Vaults:4)
  The ghost of p0werm0de the Champion of Chaos, an adept DDFi of Makhleb (Zot:4)
  Nikola (Shoals:1)
  the Enchantress (Depths:3)
  2 bone dragons
  Arachne (Spider:2)
  7 liches
  Jorgrun (Vaults:2)
  3 electric golems (Zot:5)
  20 tentacled monstrosities
  4 titans
  A deep elf blademaster (Elf:3)
  29 Orb Guardians
  A deep elf master archer (Elf:3)
  11 quicksilver dragons
  Asterion (Lair:2)
  23 acid blobs
  2 Executioners
  13 death cobs
  2 tentacled starspawn
  Gastronok (D:12)
  10 tengu reavers
  8 sphinxes
  16 shadow dragons
  7 draconian monks
  Ilsuiw (Shoals:4)
  3 revenants
  15 storm dragons
  10 azure jellies
  A daeva (D:15)
  10 fire giants
  15 vault wardens
  Louise (Elf:2)
  14 frost giants
  Aizul (Shoals:1)
  10 ghost moths
  8 draconian knights
  4 balrugs
  9 deep elf sorcerers
  5 draconian scorchers
  3 emperor scorpions
  8 draconian shifters
  2 iron dragons
  8 deep elf elementalists
  A curse skull (Crypt:3)
  7 ghouls
  5 draconian annihilators
  3 draconian stormcallers
  An orc warlord (Orc:2)
  5 reapers (Depths:1)
  4 spriggan defenders
  23 ironheart preservers
  6 war gargoyles
  29 very ugly things
  4 entropy weavers
  20 stone giants
  9 vampire knights
  14 green draconians
  14 black draconians
  7 deep elf annihilators
  22 yellow draconians
  5 deep elf demonologists
  10 red draconians
  13 white draconians
  A minotaur (shapeshifter) (Vaults:5)
  5 spark wasps
  15 ettins
  11 deep elf death magi
  12 purple draconians
  A green death (D:3)
  5 merfolk javelineers
  8 merfolk impalers
  15 yaktaur captains
  10 death oozes
  2 crystal guardians (Abyss:4)
  Josephine (Spider:1)
  2 eidola
  7 jiangshi (Crypt:2)
  4 deep elf high priests
  7 fire dragons
  19 great orbs of eyes
  The ghost of p0werm0de the Champion of Chaos, a journeyman DDFi of Makhleb (D:12)
  6 rakshasas
  Erolcha (D:11)
  31 vault guards
  3 hydras
  4 quicksilver dragon skeletons
  2 catoblepae (Depths:1)
  A hydra (shapeshifter) (Vaults:5)
  13 ice dragons
  2 spriggan air magi
  3 death knights
  18 centaur warriors
  52 two-headed ogres
  24 dancing weapons
  2 merfolk avatars
  3 death yaks
  A satyr (Shoals:4)
  7 merfolk aquamancers
  3 orc high priests (Orc:2)
  14 ogre magi
  5 vampire magi
  15 deep troll shamans
  12 deep troll earth magi
  8 tengu warriors
  3 soul eaters (Depths:1)
  8 thrashing horrors
  5 spriggan berserkers
  21 deep elf knights
  Nergalle (Lair:4)
  4 sixfirhies
  5 sun demons
  4 iron trolls
  5 flayed ghosts
  2 spatial maelstroms (Abyss:2)
  2 wretched stars
  The ghost of wazuzu the Magician, a novice GnSk (D:6)
  2 shadow wraiths
  A titan skeleton (Crypt:3)
  7 hell knights
  20 skeletal warriors
  11 sea snakes
  13 unseen horrors
  An infernal demonspawn (D:1)
  A death drake (Abyss:2)
  34 deep trolls
  8 deep elf archers
  11 wizards
  4 glowing orange brains
  4 spark wasp zombies (Depths:1)
  3 torturous demonspawn
  11 ironbrand convokers
  2 shadow dragon zombies (Depths:1)
  A harpy (shapeshifter) (Vaults:3)
  14 orc knights
  14 necromancers
  2 wolf spiders (shapeshifter) (Abyss:4)
  10 phantasmal warriors
  16 orb spiders
  5 orc sorcerers (Orc:2)
  A stone giant zombie (Crypt:3)
  32 harpies
  31 ugly things
  A golden dragon skeleton (Depths:1)
  28 wolf spiders
  54 deep elf magi
  A shadow dragon skeleton (Crypt:2)
  6 shining eyes
  3 oklob plants (Lair:5)
  8 fauns (Shoals:2)
  8 manticores
  2 worldbinders
  A frost giant zombie (Depths:1)
  3 fire giant zombies
  2 moths of wrath (shapeshifter)
  4 elephants (Lair:6)
  10 cyclopes
  A guardian serpent (Elf:1)
  9 fire giant skeletons (Crypt:3)
  8 merfolk sirens
  2 black mambas (shapeshifter)
  38 moths of wrath
  4 water nymphs
  2 apocalypse crabs (Abyss:4)
  3 ice statues (IceCv)
  Joseph (D:7)
  2 frost giant skeletons (Crypt:3)
  A spriggan zombie (Depths:1)
  A torpor snail (Spider:1)
  A guardian serpent (shapeshifter) (Depths:3)
  4 eyes of devastation
  19 vault sentinels
  A titan simulacrum (Vaults:3)
  A rust devil (Depths:2)
  3 smoke demons
  6 black mambas
  2 torpor snails (shapeshifter)
  5 orange demons
  2 rime drakes
  6 gargoyles
  18 spiny frogs
  A rime drake (shapeshifter) (Abyss:4)
  9 freezing wraiths
  A kobold demonologist (D:13)
  7 demonic crawlers
  5 komodo dragons
  A yaktaur zombie (Depths:1)
  An anaconda simulacrum (Abyss:4)
  55 yaktaurs
  2 yaktaur skeletons (Depths:1)
  An ice devil (Zot:4)
  4 red devils
  7 trolls
  5 tengu conjurers
  4 guardian mummies (Crypt:3)
  A queen bee (shapeshifter) (Vaults:5)
  A grey draconian skeleton (Crypt:2)
  3 meliai (shapeshifter)
  A queen bee (Lair:1)
  27 merfolk
  4 tyrant leeches (Lair:6)
  A troll (shapeshifter) (Depths:1)
  9 hornets
  3 polar bears
  2 ancient zymes (Abyss:4)
  2 tengu simulacra
  8 wind drakes
  32 jumping spiders
  A death drake skeleton (Crypt:1)
  An iron dragon simulacrum (Crypt:2)
  4 bog bodies
  18 raiju
  Prince Ribbit (D:5)
  A deep troll zombie (Depths:1)
  8 large abominations
  A hippogriff (shapeshifter) (Depths:2)
  78 slime creatures
  A hydra skeleton (Crypt:3)
  4 snapping turtles
  10 dream sheep
  A slime creature (shapeshifter) (Depths:3)
  11 hippogriffs
  32 blink frogs
  An ettin zombie (Depths:1)
  8 fire dragon skeletons
  A fire dragon zombie (Depths:1)
  2 shadows
  A frost giant simulacrum (Depths:1)
  2 ice dragon zombies (Depths:1)
  2 air elementals
  A flying skull (Abyss:4)
  A spriggan skeleton (Depths:1)
  76 redbacks
  2 spriggans (Depths:3)
  15 water elementals
  5 ice dragon skeletons
  An ettin skeleton (Crypt:3)
  A fire bat (shapeshifter) (Vaults:5)
  A spriggan (shapeshifter) (Vaults:5)
  26 tarantellas
  15 wraiths
  3 ynoxinuls
  4 golden eyes (Slime:4)
  3 wyverns
  2 fire elementals
  63 yaks
  Grum (D:11)
  Eustachio (D:6)
  2 humans (shapeshifter)
  4 fire bats (Abyss:2)
  A hog (shapeshifter) (Depths:4)
  10 vampire mosquitoes
  7 hungry ghosts
  A neqoxec (Abyss:2)
  A yaktaur simulacrum (Vaults:2)
  3 chaos spawn
  A warg (shapeshifter) (Vaults:4)
  A human simulacrum (Vaults:2)
  A human zombie (Depths:1)
  5 wargs
  A spriggan simulacrum (Depths:1)
  2 water nymph zombies
  8 small abominations (Abyss:2)
  6 acid dragons
  An orb spider zombie (Crypt:2)
  A spatial vortex (Abyss:2)
  13 water moccasins
  A hell hound (Abyss:4)
  A merfolk skeleton (Crypt:3)
  A two-headed ogre skeleton (Crypt:2)
  17 porcupines
  5 black bears
  5 human skeletons
  60 orc warriors
  8 phantoms
  3 sky beasts
  A black bear (shapeshifter) (Elf:2)
  3 eyes of draining (Slime:3)
  16 ice beasts
  An ice dragon simulacrum (Depths:1)
  An eye of draining (shapeshifter) (Vaults:4)
  A swamp drake (Lair:6)
  2 necrophages
  9 wolves
  2 ettin simulacra
  An ogre (shapeshifter) (Depths:1)
  33 ogres
  9 boggarts
  26 centaurs
  A swamp dragon skeleton (Crypt:3)
  The ghost of Curus the Changer, an amateur MfTm (D:3)
  12 crocodiles
  7 big kobolds
  An elf skeleton (Abyss:4)
  38 bullfrogs
  8 earth elementals
  A wyvern skeleton (D:7)
  A cyclops skeleton (Crypt:2)
  2 water moccasin skeletons
  6 scorpions
  33 killer bees
  3 tengu skeletons
  2 electric eels
  A wight (D:7)
  5 howler monkeys
  5 centaur zombies
  9 crimson imps
  2 quasits
  34 orc priests
  A bullfrog skeleton (D:5)
  3 bullfrog zombies
  9 hounds
  2 jellies
  39 orc wizards
  An iron imp (Abyss:2)
  6 centaur skeletons
  6 iguanas
  10 worker ants
  A naga skeleton (Crypt:1)
  A big kobold skeleton (Crypt:2)
  A hound skeleton (D:5)
  3 hound zombies (D:5)
  7 mummies (Crypt:3)
  2 worker ant zombies
  A howler monkey zombie (D:9)
  15 adders
  3 gnolls (D:2)
  6 shadow imps
  A swamp drake skeleton (Crypt:2)
  A white imp (Zot:3)
  2 ufetubi
  3 oozes
  An adder zombie (D:5)
  A lava snake skeleton (Crypt:1)
  2 worms
  3 dart slugs
  6 leopard geckos
  143 orcs
  7 giant cockroaches
  9 goblins
  7 hobgoblins
  17 jackals
  5 quokkas
  A ball python (D:1)
  A ball python zombie (Crypt:1)
  10 bats
  4 frilled lizards
  18 kobolds
  3 leopard gecko skeletons
  2 quokka zombies
  10 rats
  2 crawling corpses (Vaults:5)
  2 fungi
  A lurking horror (Abyss:4)
  2 plants
  A starspawn tentacle (Abyss:2)
2924 creatures vanquished.

Vanquished Creatures (collateral kills)
  An oklob plant (Lair:5)
1 creature vanquished.

Vanquished Creatures (others)
  A lich (Depths:1)
  A draconian knight (Zot:4)
  A deep elf death mage (Depths:1)
  A vault guard (Vaults:5)
  A two-headed ogre (Vaults:5)
  A shadow wraith (Vaults:5)
  A lindwurm (shapeshifter) (Vaults:5)
  2 necromancers
  A moth of wrath (Zot:5)
  A slime creature (Vaults:2)
  A tarantella (Spider:4)
  An ogre (Depths:4)
  A big kobold (D:13)
  An orc priest (Orc:2)
  An orc (Orc:2)
  74 fungi
  63 plants
  4 starspawn tentacles
157 creatures vanquished.

Grand Total: 3082 creatures vanquished

Notes
Turn   | Place    | Note
-------+----------+-------------------------------------------
     0 | D:1      | Pikaro the Minotaur Fighter began the quest for the Orb.
     0 | D:1      | Reached XP level 1. HP: 19/19 MP: 0/0
    97 | D:1      | Reached skill level 3 in Polearms
   112 | D:1      | Reached XP level 2. HP: 26/26 MP: 1/1
   224 | D:1      | Reached skill level 4 in Polearms
   388 | D:1      | Reached XP level 3. HP: 31/31 MP: 2/2
   862 | D:2      | Reached skill level 5 in Polearms
   980 | D:2      | Reached XP level 4. HP: 37/39 MP: 3/3
  1097 | D:2      | Found a white marble altar of Elyvilon.
  1098 | D:2      | Found a shimmering altar of Xom.
  1324 | D:2      | Reached skill level 6 in Polearms
  1425 | D:2      | Reached XP level 5. HP: 21/45 MP: 4/4
  1428 | D:2      | Gained mutation: Your mind is acute. (Int +2) [potion of mutation]
  1428 | D:2      | Gained mutation: Your body sometimes deteriorates upon taking damage. [potion of mutation]
  1428 | D:2      | Gained mutation: You possess an exceptional clarity of mind. [potion of mutation]
  1927 | D:3      | Found a sacrificial altar of Ru.
  1934 | D:3      | Found a hazy altar of Hepliaklqana.
  1935 | D:3      | Found a sparkling altar of Nemelex Xobeh.
  1935 | D:3      | Found a stormy altar of Qazlal.
  1935 | D:3      | Found a glowing silver altar of Zin.
  1935 | D:3      | Found a bloodstained altar of Trog.
  1936 | D:3      | Found a deep blue altar of Sif Muna.
  1938 | D:3      | Found an ancient bone altar of Kikubaaqudgha.
  1939 | D:3      | Found a blossoming altar of Fedhas.
  1940 | D:3      | Found a basalt altar of Yredelemnul.
  1943 | D:3      | Became a worshipper of Zin the Law-Giver
  2068 | D:3      | Found a burning altar of Makhleb.
  2303 | D:3      | Noticed Curus's ghost (amateur MfTm)
  2313 | D:3      | Reached skill level 7 in Polearms
  2336 | D:3      | Killed Curus's ghost
  2336 | D:3      | Reached XP level 6. HP: 28/51 MP: 5/5
  2937 | D:4      | Reached skill level 8 in Polearms
  3217 | D:4      | Reached skill level 9 in Polearms
  3254 | D:4      | Reached XP level 7. HP: 43/57 MP: 6/6
  3404 | D:4      | Reached * piety under Zin
  3747 | D:4      | Reached skill level 10 in Polearms
  4208 | D:5      | Entered Level 5 of the Dungeon
  4347 | D:5      | Noticed Prince Ribbit
  4363 | D:5      | Killed Prince Ribbit
  4363 | D:5      | Reached skill level 11 in Polearms
  4517 | D:5      | Reached XP level 8. HP: 62/64 MP: 7/7
  4636 | D:5      | Reached skill level 12 in Polearms
  4677 | D:5      | Reached skill level 4 in Fighting
  4677 | D:5      | Reached skill level 4 in Armour
  4677 | D:5      | Reached skill level 1 in Dodging
  4756 | D:5      | Reached skill level 2 in Dodging
  5123 | D:5      | Reached skill level 5 in Armour
  5188 | D:5      | Reached ** piety under Zin
  5232 | D:5      | Reached skill level 5 in Fighting
  5232 | D:5      | Reached skill level 3 in Dodging
  5510 | D:6      | Reached XP level 9. HP: 71/74 MP: 8/8
  5696 | D:6      | Noticed Eustachio
  5708 | D:6      | Killed Eustachio
  5717 | D:6      | Reached skill level 4 in Dodging
  5722 | D:6      | Reached skill level 6 in Armour
  5728 | D:6      | Reached skill level 6 in Fighting
  5878 | D:6      | Reached *** piety under Zin
  5976 | D:6      | Noticed wazuzu's ghost (novice GnSk)
  5999 | D:6      | Killed wazuzu's ghost
  5999 | D:6      | Reached skill level 7 in Fighting
  5999 | D:6      | Reached skill level 7 in Armour
  5999 | D:6      | Reached skill level 5 in Dodging
  6209 | D:6      | Found a staircase to the Ecumenical Temple.
  6605 | D:7      | Reached **** piety under Zin
  6610 | D:7      | Found a shattered altar of Ashenzari.
  6809 | D:7      | Reached skill level 6 in Dodging
  6842 | D:7      | Found Imoacuf's Assorted Antiques.
  6850 | D:7      | Bought a scroll labeled XEESUE BOACLIE for 19 gold pieces
  6850 | D:7      | Bought a scroll labeled PONITHROLOS for 19 gold pieces
  6850 | D:7      | Bought a scroll labeled BOUSAI FUISAKK for 19 gold pieces
  6850 | D:7      | Bought a scroll labeled RILAINGUVVU for 19 gold pieces
  6850 | D:7      | Bought a bone wand for 76 gold pieces
  6850 | D:7      | Bought a scroll labeled RYARAK RUEL for 19 gold pieces
  6850 | D:7      | Bought 2 fuming yellow potions for 34 gold pieces
  6982 | D:7      | Reached skill level 8 in Fighting
  7036 | D:7      | Reached skill level 8 in Armour
  7036 | D:7      | Reached XP level 10. HP: 88/88 MP: 9/9
  7265 | D:7      | Found the +8 orange crystal plate armour {Archmagi, Int+3 Clar}
  7290 | D:7      | Identified the Grimoire of Curses and Protection
  7302 | D:7      | Got a pair of twisted gloves
  7308 | D:7      | Identified the cursed +0 pair of gloves of the Maze {Str-5 Slay+5} (You found it on level 7 of the Dungeon)
  7596 | D:7      | Found Xavek's Antique Armour Emporium.
  7748 | D:7      | Found Fonkecog's Gadget Emporium.
  7770 | D:7      | Found the -2 hat of the Alchemist {rElec rPois rF+ rC+ rN+ MR+ rMut rCorr}
  8080 | D:7      | Noticed Joseph
  8098 | D:7      | Killed Joseph
  8098 | D:7      | Reached skill level 9 in Armour
  8338 | D:8      | Reached ***** piety under Zin
  8741 | D:8      | Reached skill level 10 in Armour
  8837 | D:8      | Found a hide-covered altar of Uskayaw.
  9204 | D:9      | Reached skill level 11 in Armour
  9307 | D:9      | Found a staircase to the Orcish Mines.
  9718 | D:9      | Noticed a two-headed ogre
  9727 | D:9      | Killed a two-headed ogre
  9727 | D:9      | Reached skill level 12 in Armour
  9757 | D:9      | Reached XP level 11. HP: 68/95 MP: 10/10
  9788 | D:9      | Reached ****** piety under Zin
  9959 | D:9      | Found a staircase to the Lair.
  9976 | D:9      | Reached skill level 13 in Armour
 10206 | Lair:1   | Entered Level 1 of the Lair of Beasts
 10274 | Lair:1   | Got a flickering lapis lazuli ring
 10277 | Lair:1   | Identified the ring of the Final Decision {*Corrode rElec AC+5 Slay+2} (You found it on level 1 of the Lair of Beasts)
 10394 | Lair:1   | Reached skill level 14 in Armour
 10469 | Lair:1   | Found a frozen archway.
 10638 | IceCv    | Entered an ice cave
 10680 | IceCv    | Noticed a white ugly thing
 10698 | IceCv    | Killed a white ugly thing
 10828 | IceCv    | Identified a scroll of acquirement
 11032 | IceCv    | Reached skill level 15 in Armour
 11071 | IceCv    | Noticed a white ugly thing
 11083 | IceCv    | Killed a white ugly thing
 11788 | Lair:2   | Found a hole to the Spider Nest.
 11944 | Lair:2   | Reached skill level 16 in Armour
 12090 | Lair:2   | Noticed a six-headed hydra
 12096 | Lair:2   | Killed a ten-headed hydra
 12096 | Lair:2   | Reached XP level 12. HP: 75/103 MP: 11/11
 12753 | Lair:3   | Reached skill level 17 in Armour
 13707 | Lair:4   | Noticed Nergalle
 13720 | Lair:4   | Killed Nergalle
 14028 | Lair:4   | Found a staircase to the Shoals.
 14038 | Lair:4   | Reached skill level 18 in Armour
 14049 | Lair:4   | Noticed a six-headed hydra
 14108 | Lair:4   | Noticed a five-headed hydra
 14115 | Lair:4   | HP: 24/103 [hippogriff (2)]
 14127 | Lair:4   | Killed a 17-headed hydra
 14170 | Lair:4   | Killed a 12-headed hydra
 14592 | Lair:4   | Reached skill level 19 in Armour
 14675 | Lair:4   | Reached XP level 13. HP: 85/108 MP: 12/12
 15532 | Lair:5   | Reached skill level 20 in Armour
 16366 | Lair:5   | Reached skill level 9 in Fighting
 16656 | Lair:6   | Entered Level 6 of the Lair of Beasts
 16888 | Lair:6   | Reached skill level 10 in Fighting
 17469 | Lair:6   | Reached skill level 11 in Fighting
 18206 | Lair:6   | Reached skill level 13 in Polearms
 18372 | Lair:6   | Found a staircase to the Slime Pits.
 18443 | Lair:6   | Reached skill level 12 in Fighting
 18568 | Lair:6   | Got a faintly humming scale mail
 18726 | Lair:6   | Reached XP level 14. HP: 112/127 MP: 13/13
 19642 | Orc:1    | Entered Level 1 of the Orcish Mines
 19707 | Orc:2    | Entered Level 2 of the Orcish Mines
 19831 | Orc:2    | Found a roughly hewn altar of Beogh.
 19857 | Orc:2    | Reached skill level 13 in Fighting
 20142 | Orc:2    | Found a staircase to the Elven Halls.
 20170 | Orc:2    | Reached skill level 21 in Armour
 20270 | Orc:2    | Found a shimmering altar of Xom.
 20414 | Orc:2    | Noticed an orc warlord
 21122 | Orc:2    | Reached skill level 14 in Polearms
 21180 | Orc:2    | Killed an orc warlord
 21413 | Orc:2    | Reached skill level 14 in Fighting
 21802 | Orc:2    | Found Kedeuv's General Store.
 21803 | Orc:2    | Found Lagg's Book Emporium.
 21804 | Orc:2    | Found Fahox's Antique Armour Emporium.
 21804 | Orc:2    | Found Wyhat's Antique Weapon Shoppe.
 21818 | Orc:2    | Bought a scroll of identify for 32 gold pieces
 21820 | Orc:2    | Bought a scroll of holy word for 120 gold pieces
 22340 | D:10     | Entered Level 10 of the Dungeon
 22545 | D:10     | Found Iplicrysh's Jewellery Shop.
 22791 | D:10     | Reached skill level 15 in Fighting
 23139 | D:10     | Noticed a war gargoyle
 23149 | D:10     | Killed a war gargoyle
 23289 | D:11     | Noticed Grum
 23311 | D:11     | Killed Grum
 23692 | D:11     | Reached skill level 15 in Polearms
 23733 | D:11     | Noticed Erolcha
 23740 | D:11     | Killed Erolcha
 23899 | D:11     | You fall through a shaft for 2 floors!
 24033 | D:13     | Reached XP level 15. HP: 127/143 MP: 10/14
 24163 | D:12     | Found an ornate altar of the Wu Jian Council.
 24198 | D:12     | Noticed p0werm0de's ghost (journeyman DDFi)
 24207 | D:12     | Killed p0werm0de's ghost
 24207 | D:12     | Reached skill level 16 in Fighting
 24351 | D:12     | Got a faintly humming ring mail
 25204 | D:12     | Noticed Gastronok
 25214 | D:12     | Killed Gastronok
 25854 | D:13     | Reached skill level 7 in Dodging
 26091 | D:13     | Found a gate to the Vaults.
 26108 | D:13     | Reached skill level 22 in Armour
 26112 | D:13     | Reached skill level 1 in Invocations
 26650 | D:14     | Found a white marble altar of Elyvilon.
 26892 | D:14     | Noticed Roxanne
 26933 | D:14     | Reached skill level 2 in Invocations
 27337 | D:14     | Found Ynyixan's Jewellery Shoppe.
 27559 | D:15     | Entered Level 15 of the Dungeon
 27709 | D:15     | Reached skill level 3 in Invocations
 27815 | D:15     | Found Sisaos's Food Emporium.
 27882 | D:15     | Reached skill level 8 in Dodging
 28130 | D:15     | Found a portal to a secret trove of treasure.
 28250 | D:15     | Reached skill level 17 in Fighting
 28302 | D:15     | Found a staircase to the Depths.
 28551 | Spider:1 | Entered Level 1 of the Spider Nest
 28557 | Spider:1 | Noticed Asterion
 28577 | Spider:1 | Reached skill level 16 in Polearms
 28716 | Lair:2   | Killed Asterion
 28717 | Lair:2   | Reached skill level 4 in Invocations
 29003 | Spider:1 | Noticed Josephine
 29017 | Spider:1 | Killed Josephine
 29025 | Spider:1 | Reached XP level 16. HP: 151/155 MP: 16/18
 29246 | Spider:1 | Reached skill level 9 in Dodging
 29536 | Spider:2 | Reached skill level 5 in Invocations
 29881 | Spider:2 | Identified the +5 scale mail "Wunam" {Dex+2} (You found it on level 6 of the Lair of Beasts)
 29989 | Spider:2 | Noticed Arachne
 30021 | Spider:2 | Killed Arachne
 30941 | Spider:3 | Reached skill level 6 in Invocations
 31953 | Spider:4 | Entered Level 4 of the Spider Nest
 32085 | Spider:4 | Reached skill level 10 in Dodging
 32386 | Spider:4 | Got a scorched scale mail
 32562 | Spider:4 | Reached skill level 17 in Polearms
 32724 | Spider:4 | Reached skill level 18 in Fighting
 32724 | Spider:4 | Reached skill level 7 in Invocations
 32875 | Spider:4 | Reached XP level 17. HP: 142/163 MP: 0/21
 33381 | Spider:4 | Reached skill level 23 in Armour
 33643 | Spider:4 | Got a gossamer rune of Zot
 33898 | Shoals:1 | Entered Level 1 of the Shoals
 33914 | Shoals:1 | Noticed Nikola
 33931 | Shoals:1 | Killed Nikola
 34032 | Shoals:1 | Noticed Aizul
 34075 | Shoals:1 | Killed Aizul
 34270 | Shoals:1 | Reached skill level 11 in Dodging
 34386 | Shoals:1 | Found Kackiq's Antique Armour Emporium.
 34418 | Shoals:1 | Bought the +2 pair of boots of the Assassin {Detection Stab+ Stlth++} for 2640 gold pieces
 34418 | Shoals:1 | Found the +2 pair of boots of the Assassin {Detection Stab+ Stlth++}
 34850 | Shoals:1 | Reached skill level 8 in Invocations
 36287 | Shoals:4 | Entered Level 4 of the Shoals
 36366 | Shoals:4 | Found Kowarru's Assorted Antiques.
 36427 | Shoals:4 | Bought a scroll of enchant armour for 330 gold pieces
 36610 | Shoals:4 | Got a barnacled rune of Zot
 36629 | Shoals:4 | Reached skill level 9 in Invocations
 36794 | Shoals:4 | Noticed Ilsuiw
 36806 | Shoals:4 | Killed Ilsuiw
 36806 | Shoals:4 | Reached skill level 18 in Polearms
 36806 | Shoals:4 | Reached XP level 18. HP: 93/174 MP: 10/23
 37081 | Shoals:4 | Reached skill level 12 in Dodging
 37622 | Shoals:4 | Reached skill level 19 in Fighting
 37976 | Elf:1    | Entered Level 1 of the Elven Halls
 38041 | Elf:1    | Found Onaefasi's Assorted Antiques.
 38071 | Elf:1    | Found Bypsat's Jewellery Shop.
 38143 | Elf:1    | Noticed an Ice Fiend
 38272 | Elf:1    | Identified the Reference Book on Creation
 39147 | Elf:2    | Got a translucent dagger
 39247 | Elf:2    | Noticed Louise
 39290 | Elf:2    | Killed Louise
 39407 | Elf:2    | Found a huge runed gate.
 39407 | Elf:2    | Found a huge runed gate.
 39412 | Elf:2    | Found a huge runed gate.
 39542 | Elf:2    | Reached skill level 10 in Invocations
 39966 | Elf:3    | Entered Level 3 of the Elven Halls
 40501 | Elf:3    | Cast into level 4 of the Abyss (halberd of distortion)
 40516 | Abyss:4  | Found a corrupted altar of Lugonu.
 40614 | Abyss:4  | Noticed a bone dragon
 40727 | Abyss:4  | Noticed a bone dragon
 40754 | Abyss:4  | Noticed a lich
 40762 | Abyss:4  | Killed a lich
 40934 | Abyss:4  | Reached skill level 13 in Dodging
 40952 | Abyss:4  | Reached skill level 24 in Armour
 40973 | Abyss:4  | Reached XP level 19. HP: 106/183 MP: 17/25
 41085 | Abyss:4  | Got an abyssal rune of Zot
 41122 | Elf:3    | Escaped the Abyss
 41513 | Elf:3    | Reached skill level 19 in Polearms
 41643 | Elf:3    | Reached skill level 11 in Invocations
 41924 | Elf:3    | Reached skill level 20 in Fighting
 41993 | Elf:3    | Cast into level 2 of the Abyss (a deep elf sorcerer)
 42100 | Abyss:2  | Got a scorched brass ring
 42102 | Abyss:2  | Identified the ring "Etaq" {rN+ MR+ Str-2 Int+4 Dex+5} (You found it on level 2 of the Abyss)
 42297 | Abyss:2  | Found a corrupted altar of Lugonu.
 42604 | Elf:3    | Escaped the Abyss
 42615 | Elf:3    | Got a transparent scimitar {protect}
 42644 | Elf:3    | Got a faintly glowing ring mail
 42655 | Elf:3    | Reached skill level 14 in Dodging
 42896 | Elf:3    | Identified Maciakobb's Reference Book on the Rocks
 42961 | Elf:3    | Identified the Guide on Displaced Protection
 42968 | Elf:3    | Got a pair of distressingly furry boots
 43307 | Depths:1 | Entered Level 1 of the Depths
 44733 | Depths:1 | Reached XP level 20. HP: 188/188 MP: 27/27
 44851 | Depths:1 | Reached skill level 12 in Invocations
 45170 | Depths:1 | Found an ancient bone altar of Kikubaaqudgha.
 45643 | Depths:1 | Found a gateway to Hell.
 45704 | Depths:1 | Reached skill level 20 in Polearms
 46147 | Depths:1 | Reached skill level 15 in Dodging
 46560 | Depths:1 | Reached skill level 25 in Armour
 46686 | Depths:1 | Reached skill level 21 in Fighting
 46871 | Depths:1 | Identified the Catalogue of the Peculiar Beggars
 46876 | Depths:1 | Got an ancient chain mail
 47199 | Depths:2 | Reached skill level 13 in Invocations
 47362 | Depths:2 | Found a gateway to a ziggurat.
 47504 | Depths:2 | Reached XP level 21. HP: 187/198 MP: 26/29
 48194 | Depths:2 | Noticed a juggernaut
 48206 | Depths:2 | Killed a juggernaut
 48485 | Depths:2 | Found a corrupted altar of Lugonu.
 48485 | Depths:2 | Found a one-way gate to the infinite horrors of the Abyss.
 49112 | Depths:3 | Noticed the Enchantress
 49145 | Depths:3 | Killed the Enchantress
 49157 | Depths:3 | Got faerie dragon scales
 49168 | Depths:3 | Identified the +3 faerie dragon scales {rCorr Stlth+} (You took it off the Enchantress on level 3 of the Depths)
 49298 | Depths:3 | Found a one-way gate leading to the halls of Pandemonium.
 49324 | Depths:3 | Found a white marble altar of Elyvilon.
 49330 | Depths:3 | Got a pitted ring mail
 49350 | Depths:3 | Noticed a caustic shrike
 49351 | Depths:3 | Noticed a caustic shrike
 49365 | Depths:3 | Killed a caustic shrike
 49373 | Depths:3 | Killed a caustic shrike
 49714 | Depths:3 | Reached skill level 16 in Dodging
 50468 | Depths:3 | Got a smoking plate armour
 50479 | Depths:3 | Identified the +8 plate armour "Peeshrod" {rElec MR+ Int+3} (You found it on level 3 of the Depths)
 50680 | Depths:4 | Reached skill level 14 in Invocations
 50831 | Depths:4 | Noticed Xtahua
 50863 | Depths:4 | Killed Xtahua
 51109 | Depths:4 | Reached skill level 22 in Fighting
 51110 | Depths:4 | Noticed Frederick
 51135 | Depths:4 | Killed Frederick
 51309 | Depths:4 | Reached XP level 22. HP: 205/208 MP: 31/31
 51524 | Depths:4 | Noticed a juggernaut
 51540 | Depths:4 | Killed a juggernaut
 51542 | Depths:4 | Reached skill level 26 in Armour
 51743 | Depths:4 | Found Fuwnime's General Store.
 51746 | Depths:4 | Bought a scroll of identify for 38 gold pieces
 51902 | Depths:4 | Reached skill level 17 in Dodging
 52693 | Depths:5 | Entered Level 5 of the Depths
 52816 | Depths:5 | Reached skill level 15 in Invocations
 52951 | Depths:5 | Noticed a golden dragon
 52993 | Depths:5 | Killed a golden dragon
 53368 | Hell     | Entered the Vestibule of Hell
 53368 | Hell     | Noticed Geryon
 54120 | Depths:5 | Noticed a caustic shrike
 54120 | Depths:5 | Noticed a caustic shrike
 54120 | Depths:5 | Noticed a caustic shrike
 54120 | Depths:5 | Noticed a caustic shrike
 54141 | Depths:5 | Killed a caustic shrike
 54160 | Depths:5 | Killed a caustic shrike
 54167 | Depths:5 | Killed a caustic shrike
 54175 | Depths:5 | Killed a caustic shrike
 54515 | Depths:5 | Reached XP level 23. HP: 218/218 MP: 33/33
 54549 | Depths:5 | Reached skill level 1 in Evocations
 54608 | Depths:5 | Reached skill level 23 in Fighting
 54740 | Depths:5 | Found a gate to the Realm of Zot.
 54957 | Depths:5 | Reached skill level 2 in Evocations
 55474 | Vaults:1 | Entered Level 1 of the Vaults
 55589 | Vaults:1 | Reached skill level 18 in Dodging
 55734 | Vaults:1 | Reached skill level 3 in Evocations
 56122 | Vaults:1 | HP: 55/220 [something (6)]
 56638 | Vaults:1 | Reached skill level 16 in Invocations
 56695 | Vaults:1 | Reached skill level 4 in Evocations
 57455 | Vaults:2 | Found Gafim's Armour Shop.
 57712 | Vaults:2 | Reached skill level 5 in Evocations
 57951 | Vaults:2 | Reached skill level 27 in Armour
 59052 | Vaults:3 | Reached skill level 6 in Evocations
 59062 | Vaults:3 | Noticed Saint Roka
 59065 | Vaults:3 | Noticed Jorgrun
 59225 | Vaults:2 | Killed Jorgrun
 59410 | Vaults:3 | Killed Saint Roka
 59410 | Vaults:3 | Reached XP level 24. HP: 217/237 MP: 31/34
 59736 | Vaults:3 | Reached skill level 19 in Dodging
 59992 | Vaults:3 | Reached skill level 7 in Evocations
 60100 | Vaults:3 | Reached skill level 24 in Fighting
 60218 | Vaults:3 | Found a staircase to the Crypt.
 60218 | Vaults:3 | Found an ancient bone altar of Kikubaaqudgha.
 60219 | Vaults:3 | Found a basalt altar of Yredelemnul.
 61042 | Vaults:4 | Reached skill level 8 in Evocations
 61089 | Vaults:4 | Noticed Margery
 61105 | Vaults:4 | Killed Margery
 61174 | Vaults:4 | Reached skill level 9 in Evocations
 61670 | Vaults:4 | Found Kaisaqur's Magic Scroll Emporium.
 61674 | Vaults:4 | Bought a scroll of enchant weapon for 135 gold pieces
 61674 | Vaults:4 | Bought 3 scrolls of identify for 108 gold pieces
 61674 | Vaults:4 | Bought a scroll of identify for 36 gold pieces
 62033 | Vaults:4 | Reached skill level 20 in Dodging
 62810 | D:15     | You paid a toll of 19 scrolls of identify to enter a treasure trove
 62811 | Trove    | Entered a treasure trove
 62816 | Trove    | Found the ring of the Mage {Wiz MR++ Int+3}
 62821 | Trove    | Got a smoking granite ring
 62825 | Trove    | Got a steaming jade ring
 62831 | Trove    | Got a crude brass ring
 62835 | Trove    | Got a scorched copper amulet
 62842 | Trove    | Got a heavily runed lead amulet
 62846 | Trove    | Got a translucent pewter amulet
 62850 | Trove    | Got a smoking steel ring
 62859 | D:15     | Identified the amulet "Ofihoem" {MR++ Regen+} (You found it in a treasure trove)
 62860 | D:15     | Identified the amulet of Yzir {Gourm Int+3} (You found it in a treasure trove)
 62861 | D:15     | Identified the ring "Othrel" {rCorr rPois Str+5 Slay-6} (You found it in a treasure trove)
 63509 | Crypt:1  | Entered Level 1 of the Crypt
 64062 | Crypt:1  | Reached skill level 10 in Evocations
 64082 | Crypt:1  | Identified the amulet "Oshrev" {Reflect +Blink rF+ Str+4 SH+5} (You found it in a treasure trove)
 64299 | Crypt:1  | Identified the ring of Satisfaction {rPois MR- Str+2 Stlth+} (You found it in a treasure trove)
 64542 | Crypt:2  | Reached skill level 25 in Fighting
 64625 | Crypt:2  | Reached XP level 25. HP: 249/249 MP: 34/34
 65948 | Crypt:3  | Entered Level 3 of the Crypt
 66209 | Crypt:3  | Identified the ring of the Firefly {MP+9 Str+5} (You found it in a treasure trove)
 66304 | Crypt:3  | Got a bloodstained robe
 66306 | Crypt:3  | Identified the ring "Vaenus" {*Contam rPois MP+9 Str+5} (You found it in a treasure trove)
 66412 | Crypt:3  | Reached skill level 11 in Evocations
 66664 | Crypt:3  | Found an ancient bone altar of Kikubaaqudgha.
 66781 | Crypt:3  | Noticed an ancient lich
 66792 | Crypt:3  | Killed an ancient lich
 67103 | Crypt:3  | Reached skill level 21 in Dodging
 67344 | Crypt:3  | Found a staircase to the Tomb.
 68117 | Slime:1  | Entered Level 1 of the Pits of Slime
 69211 | Slime:4  | Noticed Totori's ghost (veteran FoFi)
 69311 | Slime:4  | Reached skill level 12 in Evocations
 69326 | Slime:4  | Killed Totori's ghost
 69628 | Slime:4  | Reached skill level 26 in Fighting
 69969 | Slime:5  | Entered Level 5 of the Pits of Slime
 70078 | Slime:5  | Noticed the Royal Jelly
 70389 | Slime:5  | Killed the Royal Jelly
 70389 | Slime:5  | Reached XP level 26. HP: 205/260 MP: 29/34
 71255 | Slime:5  | Got a glittering lapis lazuli ring
 71256 | Slime:5  | Identified Advanced Steps in Casting
 71259 | Slime:5  | Got a slimy rune of Zot
 71261 | Slime:5  | Got a flickering pewter ring
 71275 | Slime:5  | Got an encrusted long sword
 71293 | Slime:5  | Identified Tuob's Guide on Enchantment and Transmigration
 71326 | Slime:5  | Got a fine ivory ring
 71334 | Slime:5  | Got a smoking scimitar
 71346 | Slime:5  | Identified the ring of Laggut {rC++ Str+3 Stlth+} (You found it on level 5 of the Pits of Slime)
 71347 | Slime:5  | Identified the ring "Wehuatug" {rPois rF+ rC+ Int+3} (You found it on level 5 of the Pits of Slime)
 71348 | Slime:5  | Identified the ring "Qynoibon" {+Fly rElec rF++} (You found it on level 5 of the Pits of Slime)
 72333 | Vaults:5 | Entered Level 5 of the Vaults
 72552 | Vaults:4 | Reached skill level 13 in Evocations
 72678 | Vaults:4 | Reached skill level 22 in Dodging
 72728 | Vaults:5 | Noticed Jory
 73281 | Vaults:4 | Killed Jory
 73972 | Vaults:5 | Noticed an ancient lich
 73978 | Vaults:4 | Reached skill level 27 in Fighting
 73982 | Vaults:4 | Reached skill level 14 in Evocations
 74177 | Vaults:4 | Got a warped battleaxe {chop}
 74184 | Vaults:5 | HP: 61/266 [ancient lich (9)]
 74639 | Vaults:4 | Killed an ancient lich
 75039 | Vaults:5 | Reached skill level 23 in Dodging
 75059 | Vaults:5 | Noticed an ancient lich
 75257 | Vaults:5 | Killed an ancient lich
 75257 | Vaults:5 | Reached XP level 27. HP: 219/273 MP: 28/34
 75265 | Vaults:5 | Got a shimmering battleaxe
 76014 | Vaults:5 | Reached skill level 15 in Evocations
 76130 | Vaults:5 | Got a bronze plate armour
 76159 | Vaults:5 | Got a spiked plate armour
 76160 | Vaults:5 | Identified the +9 plate armour of Valiance {+Blink rPois rF-} (You found it on level 5 of the Vaults)
 76481 | Vaults:5 | Got a silver rune of Zot
 76574 | Vaults:5 | Found Aqueryn's Gadget Boutique.
 76582 | Vaults:5 | Got a spiked scale mail
 76739 | Vaults:5 | Found Ocot's Food Shoppe.
 76826 | Vaults:5 | Found Gonajimm's Distillery.
 76830 | Vaults:5 | Bought a potion of invisibility for 96 gold pieces
 76830 | Vaults:5 | Bought a potion of might for 48 gold pieces
 76830 | Vaults:5 | Bought 2 potions of berserk rage for 120 gold pieces
 76852 | Vaults:5 | Found Jailyugh's Magic Scroll Boutique.
 76860 | Vaults:5 | Bought a scroll of teleportation for 42 gold pieces
 76860 | Vaults:5 | Bought a scroll of vulnerability for 105 gold pieces
 76860 | Vaults:5 | Bought a scroll of teleportation for 42 gold pieces
 76860 | Vaults:5 | Bought a scroll of blinking for 105 gold pieces
 76860 | Vaults:5 | Bought a scroll of enchant armour for 105 gold pieces
 76860 | Vaults:5 | Bought a scroll of fear for 49 gold pieces
 76860 | Vaults:5 | Bought a scroll of remove curse for 42 gold pieces
 76860 | Vaults:5 | Bought a scroll of identify for 28 gold pieces
 76860 | Vaults:5 | Bought a scroll of identify for 28 gold pieces
 76860 | Vaults:5 | Bought a scroll of identify for 28 gold pieces
 76860 | Vaults:5 | Bought a scroll of amnesia for 49 gold pieces
 76860 | Vaults:5 | Bought a scroll of identify for 28 gold pieces
 77121 | Vaults:5 | Identified the +2 plate armour of Foolhardiness {+Blink rElec rF++ rC+} (You took it off a deep elf high priest on level 5 of the Vaults)
 77497 | Zot:1    | Entered Level 1 of the Realm of Zot
 78941 | Zot:2    | Reached skill level 21 in Polearms
 78978 | Zot:2    | Reached skill level 16 in Evocations
 79106 | Zot:2    | Got a fine ivory ring
 79107 | Zot:2    | Identified the ring of the Sky {*Drain rN+ Str+9 Int+5 Dex+3} (You acquired it on level 2 of the Realm of Zot)
 79310 | Zot:2    | Reached skill level 24 in Dodging
 80572 | Zot:4    | Noticed p0werm0de's ghost (adept DDFi)
 81121 | Zot:4    | Killed p0werm0de's ghost
 81252 | Zot:4    | Reached skill level 22 in Polearms
 81815 | Zot:4    | Reached skill level 17 in Evocations
 81964 | Zot:4    | Noticed an orb of fire
 81986 | Zot:4    | Killed an orb of fire
 82091 | Zot:4    | Reached skill level 25 in Dodging
 82737 | Zot:5    | Entered Level 5 of the Realm of Zot
 82739 | Zot:5    | Noticed an orb of fire
 82750 | Zot:4    | Killed an orb of fire
 82835 | Zot:5    | Reached skill level 23 in Polearms
 82903 | Zot:5    | Noticed an ancient lich
 82909 | Zot:5    | Killed an ancient lich
 82909 | Zot:5    | Reached skill level 18 in Evocations
 82995 | Zot:5    | Noticed an ancient lich
 83002 | Zot:5    | Killed an ancient lich
 83166 | Zot:5    | Noticed an ancient lich
 83175 | Zot:5    | Killed an ancient lich
 83198 | Zot:5    | Noticed an ancient lich
 83204 | Zot:5    | Killed an ancient lich
 83357 | Zot:5    | Noticed an ancient lich
 83365 | Zot:5    | Killed an ancient lich
 83631 | Zot:5    | Noticed an orb of fire
 83639 | Zot:5    | Killed an orb of fire
 83639 | Zot:5    | Reached skill level 26 in Dodging
 83656 | Zot:5    | Noticed an orb of fire
 83666 | Zot:5    | Noticed an orb of fire
 83668 | Zot:5    | Killed an orb of fire
 83668 | Zot:5    | Reached skill level 24 in Polearms
 83675 | Zot:5    | Noticed an orb of fire
 83687 | Zot:5    | Killed an orb of fire
 83698 | Zot:5    | Noticed an orb of fire
 83706 | Zot:5    | Noticed an orb of fire
 83713 | Zot:5    | Killed an orb of fire
 83720 | Zot:5    | Killed an orb of fire
 83720 | Zot:5    | Reached skill level 19 in Evocations
 83875 | Zot:5    | Got a steaming robe
 84039 | Zot:5    | Killed an orb of fire
 84369 | Zot:5    | Got the Orb of Zot
 84626 | Depths:4 | Noticed Xudacri the pandemonium lord
 84628 | Depths:4 | Killed Xudacri the pandemonium lord
 85077 | D:1      | Noticed Kabeur the pandemonium lord
 85113 | D:1      | Killed Kabeur the pandemonium lord
 85113 | D:1      | Reached skill level 25 in Polearms
 85351 | D:$      | Escaped with the Orb!

Vault maps used:
D:1:      erik_arrival_gehennom
D:2:      gammafunk_temple_overflow_statue, minmay_misc_feat_hallway
D:3:      minitemple, makhleb_heckhound_becter
D:4:      minmay_misc_feat_more_columns, kennysheep_potato
D:5:      first_ration, minmay_joined_circles, uniq_prince_ribbit1
D:6:      minmay_temple_entry_hall, uniq_eustachio
D:7:      minmay_the_grid_octo_tiled_squarecenter, evilmike_ruin_ashenzari,
          serial_shops, nicolae_shop_trees, kennysheep_mini, shop, uniq_joseph
D:8:      basic_altar, blue_anna_alchemist
D:9:      due_lair_maze_entry_diamond, hiddenorc2_lemuel
D:10:     serial_shops, kennysheep_little_box, evilmike_minifort
D:11:     uniq_erolcha, uniq_grum
D:12:     basic_altar, kennysheep_generic_room_3, uniq_gastronok
D:13:     hangedman_vaults_entry_quadrant_bands, grunt_ministairs_12
D:14:     elyvilon_altar_1, serial_shops, nicolae_shop_trees, uniq_roxanne
D:15:     grunt_enter_depths_hoard, serial_shops, shop_coins, enter_trove_0,
          minivault_11
Lair:1:   portal_ice_cave_entry_pillars_2, special_room
Lair:2:   dummy_spider_entry, beast_lair_carwin_1
Lair:4:   minmay_shoals_entry_beasts, uniq_nergalle
Lair:5:   infiniplex_staircase_pool, grunt_megastairs_1,
          minmay_lair_oklob_chamber
Lair:6:   minmay_lair_end_frog_pond, slime_dummy, pond
Shoals:1: serial_shops, shop, uniq_aizul, uniq_nikola
Shoals:4: shoals_end_simple, shoal_ilsuiw, serial_shops, shop, yaktaur_hedge
Spider:1: guppyfry_spider_mini_2, uniq_asterion, uniq_josephine
Spider:2: nicolae_spider_circle_web, uniq_arachne
Spider:3: nicolae_spider_cling_halls
Spider:4: spider_rune_water
Slime:2:  basic_altar, uniq_dissolution
Slime:4:  nicolae_slime_phagocytosis
Orc:2:    st_orc_congregation, hangedman_feature_mirror
Elf:1:    eino_elf_arrival_shootout, serial_shops, shop, shop_coins,
          minmay_elf_demonology, fake_guardian_serpent_vault
Elf:2:    uniq_louise
Elf:3:    minmay_elf_hall_spiked
Vaults:1: hangedman_vaults_cutoff, nicolae_vaults_little_squares_3,
          ontoclasm_vaults_eye, ontoclasm_vaults_pinch, vaults_room_grid,
          v_alt_pattern_5, v_misc_18, vaults_room_fancy_cross, v_misc_12
Vaults:2: vaults_standard_mumra_enter_the_diamond,
          nicolae_vaults_network_periphery, nicolae_vaults_alarming,
          nicolae_vaults_three_branches, vaults_room_large_hall,
          nicolae_vaults_meeting, vaults_room_stairs_pillars, serial_shops,
          nicolae_shop_stone
Vaults:3: vaults_mumra_hex, vaults_room_octagon, minmay_crypt_entry_necro_gods,
          hangedman_vaults_nodes, hangedman_vaults_corner, v_misc_27,
          ontoclasm_vaults_ring_square, ontoclasm_vaults_hangar, v_misc_25,
          hangedman_vaults_maws, vaults_room_door_ring,
          nicolae_vaults_rhombus_6, hangedman_vaults_nails, uniq_jorgrun,
          uniq_saint_roka
Vaults:4: hangedman_vaults_corner_blocks, v_pattern_3, st_lines, v_misc_5,
          nicolae_vaults_arrows, v_misc_13, dpeg_vaults_monster_box,
          nicolae_vaults_little_squares_3, ontoclasm_vaults_idyll,
          nicolae_vaults_hallways_thing, nicolae_vaults_windows_and_doors_thing,
          v_alt_pattern_2, vaults_room_stairs_pillars,
          ontoclasm_vaults_ring_square, serial_shops, shop, uniq_margery
Vaults:5: uniq_jory
Crypt:1:  grunt_crypt_arrival_webbed
Crypt:3:  quadcrypt_mu
Depths:1: evilmike_negative_zone, hell_entry, hangedman_cracks_in_the_wall,
          kennysheep_random_hallway
Depths:2: wad_mega_maze, enter_ziggurat_a, roderic_lattice_a,
          abyss_entry_flame_altar, hell_entry
Depths:3: minmay_fractal_lines_corner, lemuel_crystal_altar, hell_entry,
          pan_entry, hangedman_abyss_or_decor_stagger, st_stairs_8,
          kennysheep_generic_room_8, uniq_enchantress
Depths:4: nicolae_legendary_halls, abyss_entry_small_statue_room, serial_shops,
          shop, kennysheep_minor_cross, hell_entry,
          infiniplex_staircase_zigzag_4, uniq_frederick, uniq_xtahua
Depths:5: grunt_zot_entry_alcove, hangedman_decor_peaks_small, lightli_too_deep
Zot:4:    grunt_zot_stairs_mandelzot
Zot:5:    basic_stair_grate_trap
Abyss:4:  nicolae_abyss_rune_star_stuff
Trove:    trove_jewel_1
IceCv:    ice_cave_statue_garden_chambered

Skill      XL: |  1  2  3  4  5  6  7  8  9 10 11 12 13 14 15 16 17 18 19 20 21 22 23 24 25 26 27 |
---------------+----------------------------------------------------------------------------------+-----
Polearms       | 3 4 5 6 7 9 11 12 13 15 16 17 18 19 20 25 | 25.0
Fighting       | 5 8 12 15 17 18 19 20 21 22 23 25 26 27 | 27.0
Armour         | 5 8 12 16 19 20 21 22 23 24 25 26 27 | 27.0
Dodging        | 3 6 8 10 11 13 14 15 16 17 18 20 21 23 26 | 26.8
Invocations    | 4 7 9 10 11 13 14 15 16 | 16.0
Evocations     | 6 10 12 14 19 | 19.6
Shields        | |  3.6

Action                   |  1- 3 |  4- 6 |  7- 9 | 10-12 | 13-15 | 16-18 | 19-21 | 22-24 | 25-27 || total
-------------------------+-------+-------+-------+-------+-------+-------+-------+-------+-------++-------
Melee: Trident           |    94 |    68 |       |       |       |       |       |       |       ||   162
       Headbutt          |    12 |    19 |    80 |   135 |   256 |   229 |   442 |   557 |   798 ||  2528
       Spear             |       |   118 |   348 |   527 |       |       |       |       |       ||   993
       Glaive            |       |       |       |   281 |  1321 |  1527 |  1614 |  2039 |  1386 ||  8168
       Bardiche          |       |       |       |       |       |       |       |       |  1142 ||  1142
Invok: Recite            |       |       |       |       |       |     3 |     1 |     1 |       ||     5
       Sanctuary         |       |       |       |       |       |       |     1 |       |     2 ||     3
Evoke: Sack of spiders   |       |       |       |       |     4 |       |       |       |       ||     4
       Wand              |       |       |       |       |     1 |     5 |     5 |     3 |       ||    14
       Lamp of fire      |       |       |       |       |       |       |       |     1 |     6 ||     7
       Lightning rod     |       |       |       |       |       |       |       |       |     2 ||     2
       Fan of gales      |       |       |       |       |       |       |       |       |     1 ||     1
  Use: Potion            |     1 |     4 |     1 |     8 |     4 |     4 |     5 |     5 |    14 ||    46
       Scroll            |       |     1 |       |    18 |    17 |     6 |     1 |    15 |    45 ||   103
 Stab: Invisible         |       |       |       |       |     3 |     3 |       |       |       ||     6
       Distracted        |       |       |       |       |     1 |     1 |       |     1 |       ||     3
       Confused          |       |       |       |       |       |     4 |       |       |       ||     4
  Eat: Chunk             |       |     5 |     8 |    11 |    31 |    18 |     5 |     5 |    11 ||    94
       Ration            |       |     1 |     1 |     4 |     5 |     7 |     8 |    12 |    18 ||    56
Armor: Scale mail        |    23 |    29 |    45 |     2 |       |       |       |       |       ||    99
       Crystal plate arm |       |       |       |   746 |  1253 |  1441 |  1032 |  1421 |   897 ||  6790
       Gold dragon scale |       |       |       |       |       |       |       |       |   588 ||   588
Dodge: Dodged            |    14 |    36 |    38 |   204 |   449 |   711 |   601 |  1181 |  2261 ||  5495
Block: Shield            |    20 |    51 |    72 |   119 |       |       |       |       |       ||   262
       Other             |       |       |       |       |       |       |       |    21 |   492 ||   513
       Reflection        |       |       |       |       |       |       |       |       |    20 ||    20

Table legend:
 A = Spawn XP
 B = Non-spawn XP
 C = Spawn XP percentage of total XP
 D = Spawn monster count
 E = Non-spawn monster count
 F = Spawn count percentage of total count
 G = Total turns spent on level
                    A         B        C        D         E        F      G
               +---------+---------+-------+---------+---------+-------+---------
         Total |   27432 | 2035333 |   1.3 |      57 |    2815 |   2.0 | 85351
               +---------+---------+-------+---------+---------+-------+---------
           D:1 |       0 |      67 |   0.0 |       0 |      32 |   0.0 |  1103
           D:2 |       0 |     140 |   0.0 |       0 |      32 |   0.0 |  1089
           D:3 |       0 |     198 |   0.0 |       0 |      18 |   0.0 |  1015
           D:4 |       0 |     617 |   0.0 |       0 |      23 |   0.0 |  1356
           D:5 |       0 |    1742 |   0.0 |       0 |      44 |   0.0 |  1304
           D:6 |       0 |    1978 |   0.0 |       0 |      22 |   0.0 |  1133
           D:7 |       0 |    2610 |   0.0 |       0 |      35 |   0.0 |  1604
           D:8 |       0 |     553 |   0.0 |       0 |      11 |   0.0 |   888
           D:9 |       0 |    4795 |   0.0 |       0 |      78 |   0.0 |  1378
          D:10 |       0 |    8665 |   0.0 |       0 |      30 |   0.0 |  1182
          D:11 |       0 |    5179 |   0.0 |       0 |      34 |   0.0 |   978
          D:12 |       0 |    4441 |   0.0 |       0 |      13 |   0.0 |  1079
          D:13 |       0 |   15106 |   0.0 |       0 |      82 |   0.0 |  2061
          D:14 |       0 |    8656 |   0.0 |       0 |      39 |   0.0 |  1617
          D:15 |       0 |   13219 |   0.0 |       0 |      28 |   0.0 |  1236
        Lair:1 |       0 |    2888 |   0.0 |       0 |      29 |   0.0 |  1364
        Lair:2 |       0 |    7890 |   0.0 |       0 |      27 |   0.0 |  1282
        Lair:3 |       0 |    3895 |   0.0 |       0 |      18 |   0.0 |  1064
        Lair:4 |       0 |   10748 |   0.0 |       0 |      40 |   0.0 |  1734
        Lair:5 |       0 |   10324 |   0.0 |       0 |      31 |   0.0 |  2602
        Lair:6 |       0 |   19775 |   0.0 |       0 |      78 |   0.0 |  1805
      Shoals:1 |       0 |   21506 |   0.0 |       0 |      33 |   0.0 |  1060
      Shoals:2 |       0 |   17733 |   0.0 |       0 |      37 |   0.0 |   813
      Shoals:3 |       0 |    6709 |   0.0 |       0 |      14 |   0.0 |   549
      Shoals:4 |       0 |   34673 |   0.0 |       0 |      58 |   0.0 |  1544
      Spider:1 |       0 |   19798 |   0.0 |       0 |      57 |   0.0 |   923
      Spider:2 |       0 |   18642 |   0.0 |       0 |      39 |   0.0 |   969
      Spider:3 |       0 |   10142 |   0.0 |       0 |      32 |   0.0 |  1340
      Spider:4 |       0 |   36637 |   0.0 |       0 |      78 |   0.0 |  1745
       Slime:1 |       0 |    2995 |   0.0 |       0 |       4 |   0.0 |   310
       Slime:2 |       0 |   16937 |   0.0 |       0 |      21 |   0.0 |   507
       Slime:3 |       0 |    9203 |   0.0 |       0 |      17 |   0.0 |   424
       Slime:4 |       0 |   26120 |   0.0 |       0 |      34 |   0.0 |  1492
       Slime:5 |       0 |   45152 |   0.0 |       0 |      28 |   0.0 |   927
         Orc:1 |       0 |    4054 |   0.0 |       0 |      37 |   0.0 |   888
         Orc:2 |       0 |   15117 |   0.0 |       0 |     104 |   0.0 |  1916
         Elf:1 |       0 |   12214 |   0.0 |       0 |      21 |   0.0 |  1054
         Elf:2 |       0 |   29584 |   0.0 |       0 |      40 |   0.0 |  1039
         Elf:3 |       0 |   61192 |   0.0 |       0 |      51 |   0.0 |  2549
      Vaults:1 |       0 |   53324 |   0.0 |       0 |      87 |   0.0 |  1666
      Vaults:2 |       0 |   64189 |   0.0 |       0 |     106 |   0.0 |  2630
      Vaults:3 |       0 |   48145 |   0.0 |       0 |      70 |   0.0 |  2010
      Vaults:4 |       0 |  188197 |   0.0 |       0 |     205 |   0.0 |  4156
      Vaults:5 |       0 |   99316 |   0.0 |       0 |      75 |   0.0 |  1616
       Crypt:1 |       0 |   15071 |   0.0 |       0 |      27 |   0.0 |  1084
       Crypt:2 |       0 |   40791 |   0.0 |       0 |      52 |   0.0 |  1435
       Crypt:3 |       0 |   55745 |   0.0 |       0 |      74 |   0.0 |  1683
      Depths:1 |       0 |   98916 |   0.0 |       0 |     131 |   0.0 |  2806
      Depths:2 |       0 |   48854 |   0.0 |       0 |      54 |   0.0 |  2076
      Depths:3 |       0 |   54766 |   0.0 |       0 |      37 |   0.0 |  1738
      Depths:4 |       0 |  100863 |   0.0 |       0 |      78 |   0.0 |  2749
      Depths:5 |       0 |   94389 |   0.0 |       0 |      67 |   0.0 |  1861
         Zot:1 |       0 |   22119 |   0.0 |       0 |      13 |   0.0 |   667
         Zot:2 |       0 |   68369 |   0.0 |       0 |      49 |   0.0 |  1354
         Zot:3 |       0 |   65981 |   0.0 |       0 |      40 |   0.0 |  1878
         Zot:4 |       0 |  141092 |   0.0 |       0 |      71 |   0.0 |  1554
         Zot:5 |       0 |  235212 |   0.0 |       0 |      77 |   0.0 |  1634
       Abyss:2 |    9292 |   10323 |  47.4 |      24 |      20 |  54.5 |   611
       Abyss:4 |   18140 |   14521 |  55.5 |      33 |      22 |  60.0 |   621
         IceCv |       0 |    3256 |   0.0 |       0 |      11 |   0.0 |   550
               +---------+---------+-------+---------+---------+-------+---------

Vault maps used:
D:1:      erik_arrival_gehennom
D:2:      gammafunk_temple_overflow_statue, minmay_misc_feat_hallway
D:3:      minitemple, makhleb_heckhound_becter
D:4:      minmay_misc_feat_more_columns, kennysheep_potato
D:5:      first_ration, minmay_joined_circles, uniq_prince_ribbit1
D:6:      minmay_temple_entry_hall, uniq_eustachio
D:7:      minmay_the_grid_octo_tiled_squarecenter, evilmike_ruin_ashenzari,
          serial_shops, nicolae_shop_trees, kennysheep_mini, shop, uniq_joseph
D:8:      basic_altar, blue_anna_alchemist
D:9:      due_lair_maze_entry_diamond, hiddenorc2_lemuel
D:10:     serial_shops, kennysheep_little_box, evilmike_minifort
D:11:     uniq_erolcha, uniq_grum
D:12:     basic_altar, kennysheep_generic_room_3, uniq_gastronok
D:13:     hangedman_vaults_entry_quadrant_bands, grunt_ministairs_12
D:14:     elyvilon_altar_1, serial_shops, nicolae_shop_trees, uniq_roxanne
D:15:     grunt_enter_depths_hoard, serial_shops, shop_coins, enter_trove_0,
          minivault_11
Lair:1:   portal_ice_cave_entry_pillars_2, special_room
Lair:2:   dummy_spider_entry, beast_lair_carwin_1
Lair:4:   minmay_shoals_entry_beasts, uniq_nergalle
Lair:5:   infiniplex_staircase_pool, grunt_megastairs_1,
          minmay_lair_oklob_chamber
Lair:6:   minmay_lair_end_frog_pond, slime_dummy, pond
Shoals:1: serial_shops, shop, uniq_aizul, uniq_nikola
Shoals:4: shoals_end_simple, shoal_ilsuiw, serial_shops, shop, yaktaur_hedge
Spider:1: guppyfry_spider_mini_2, uniq_asterion, uniq_josephine
Spider:2: nicolae_spider_circle_web, uniq_arachne
Spider:3: nicolae_spider_cling_halls
Spider:4: spider_rune_water
Slime:2:  basic_altar, uniq_dissolution
Slime:4:  nicolae_slime_phagocytosis
Orc:2:    st_orc_congregation, hangedman_feature_mirror
Elf:1:    eino_elf_arrival_shootout, serial_shops, shop, shop_coins,
          minmay_elf_demonology, fake_guardian_serpent_vault
Elf:2:    uniq_louise
Elf:3:    minmay_elf_hall_spiked
Vaults:1: hangedman_vaults_cutoff, nicolae_vaults_little_squares_3,
          ontoclasm_vaults_eye, ontoclasm_vaults_pinch, vaults_room_grid,
          v_alt_pattern_5, v_misc_18, vaults_room_fancy_cross, v_misc_12
Vaults:2: vaults_standard_mumra_enter_the_diamond,
          nicolae_vaults_network_periphery, nicolae_vaults_alarming,
          nicolae_vaults_three_branches, vaults_room_large_hall,
          nicolae_vaults_meeting, vaults_room_stairs_pillars, serial_shops,
          nicolae_shop_stone
Vaults:3: vaults_mumra_hex, vaults_room_octagon, minmay_crypt_entry_necro_gods,
          hangedman_vaults_nodes, hangedman_vaults_corner, v_misc_27,
          ontoclasm_vaults_ring_square, ontoclasm_vaults_hangar, v_misc_25,
          hangedman_vaults_maws, vaults_room_door_ring,
          nicolae_vaults_rhombus_6, hangedman_vaults_nails, uniq_jorgrun,
          uniq_saint_roka
Vaults:4: hangedman_vaults_corner_blocks, v_pattern_3, st_lines, v_misc_5,
          nicolae_vaults_arrows, v_misc_13, dpeg_vaults_monster_box,
          nicolae_vaults_little_squares_3, ontoclasm_vaults_idyll,
          nicolae_vaults_hallways_thing, nicolae_vaults_windows_and_doors_thing,
          v_alt_pattern_2, vaults_room_stairs_pillars,
          ontoclasm_vaults_ring_square, serial_shops, shop, uniq_margery
Vaults:5: uniq_jory
Crypt:1:  grunt_crypt_arrival_webbed
Crypt:3:  quadcrypt_mu
Depths:1: evilmike_negative_zone, hell_entry, hangedman_cracks_in_the_wall,
          kennysheep_random_hallway
Depths:2: wad_mega_maze, enter_ziggurat_a, roderic_lattice_a,
          abyss_entry_flame_altar, hell_entry
Depths:3: minmay_fractal_lines_corner, lemuel_crystal_altar, hell_entry,
          pan_entry, hangedman_abyss_or_decor_stagger, st_stairs_8,
          kennysheep_generic_room_8, uniq_enchantress
Depths:4: nicolae_legendary_halls, abyss_entry_small_statue_room, serial_shops,
          shop, kennysheep_minor_cross, hell_entry,
          infiniplex_staircase_zigzag_4, uniq_frederick, uniq_xtahua
Depths:5: grunt_zot_entry_alcove, hangedman_decor_peaks_small, lightli_too_deep
Zot:4:    grunt_zot_stairs_mandelzot
Zot:5:    basic_stair_grate_trap
Abyss:4:  nicolae_abyss_rune_star_stuff
Trove:    trove_jewel_1
IceCv:    ice_cave_statue_garden_chambered

Table legend:
 A = Turns spent in this place as a percentage of turns spent in the entire game.
 B = Non-inter-level travel turns spent in this place as a percentage of non-inter-level travel turns spent in the entire game.
 C = Inter-level travel turns spent in this place as a percentage of turns spent in this place.
 D = Turns resting spent in this place as a percentage of non-inter-level travel turns spent in this place.
 E = Turns spent auto-exploring this place as a percentage of non-inter-level travel turns spent in this place.
 F = Non-inter-level travel turns spent in this place divided by the number of levels of this place that you've seen.
                   A       B       C       D       E      F
               +-------+-------+-------+-------+-------+----------------------
         Total | 100.0 | 100.0 |   8.1 |  32.0 |  42.9 | 1264.7
       Dungeon |  22.3 |  21.0 |  13.2 |  24.2 |  55.5 | 1100.3
          Lair |  11.5 |  11.5 |   8.8 |  38.5 |  39.5 | 1497.2
        Shoals |   4.6 |   4.9 |   3.0 |  30.2 |  42.1 | 962.2
   Spider Nest |   5.8 |   6.1 |   4.3 |  30.6 |  46.1 | 1191.2
    Slime Pits |   4.3 |   4.3 |   6.9 |  47.0 |  25.7 | 681.4
  Orcish Mines |   3.3 |   3.2 |  10.6 |  43.9 |  28.8 | 1254.0
   Elven Halls |   5.4 |   5.6 |   5.7 |  16.8 |  59.4 | 1458.7
        Vaults |  14.2 |  13.9 |   9.7 |  38.4 |  36.7 | 2180.6
         Crypt |   4.9 |   5.1 |   4.2 |  18.7 |  56.0 | 1341.7
        Depths |  13.2 |  13.3 |   7.4 |  31.0 |  40.9 | 2080.8
          Hell |   0.0 |   0.0 |   0.0 |   0.0 |   0.0 |   2.0
           Zot |   8.3 |   8.7 |   3.2 |  42.4 |  33.0 | 1371.6
         Abyss |   1.4 |   1.6 |   0.0 |  17.0 |   7.0 | 616.0
         Trove |   0.1 |   0.1 |   0.0 |   0.0 |   0.0 |  47.0
      Ice Cave |   0.6 |   0.7 |   0.0 |  60.7 |   6.0 | 550.0
               +-------+-------+-------+-------+-------+----------------------

Table legend:
 A = Kills in this place as a percentage of kills in entire the game.
 B = Kills by you in this place as a percentage of kills by you in the entire game.
 C = Kills by friends in this place as a percentage of kills by friends in the entire game.
 D = Other kills in this place as a percentage of other kills in the entire game.
 E = Experience gained in this place as a percentage of experience gained in the entire game.
 F = Experience gained in this place divided by the number of levels of this place that you have seen.
                   A       B       C       D       E      F
               +-------+-------+-------+-------+-------+----------------------
         Total | 100.0 | 100.0 | 100.0 | 100.0 | 100.0 | 34006.8
       Dungeon |  18.5 |  18.5 |   0.0 |  11.1 |   4.2 | 5889.9
          Lair |   7.7 |   7.7 | 100.0 |   0.0 |   2.6 | 9253.3
        Shoals |   4.9 |   4.9 |   0.0 |   0.0 |   3.8 | 20155.2
   Spider Nest |   7.1 |   7.1 |   0.0 |  11.1 |   4.0 | 21304.8
    Slime Pits |   3.6 |   3.6 |   0.0 |   0.0 |   4.8 | 20081.4
  Orcish Mines |   4.9 |   4.8 |   0.0 |  11.1 |   0.9 | 9585.5
   Elven Halls |   3.9 |   3.9 |   0.0 |   0.0 |   4.9 | 34330.0
        Vaults |  18.7 |  18.6 |   0.0 |  44.4 |  21.5 | 90634.2
         Crypt |   5.3 |   5.3 |   0.0 |   0.0 |   5.3 | 37202.3
        Depths |  13.0 |  13.0 |   0.0 |  11.1 |  19.6 | 82820.8
           Zot |   8.9 |   8.9 |   0.0 |  11.1 |  25.7 | 108345.8
         Abyss |   3.4 |   3.4 |   0.0 |   0.0 |   2.5 | 26138.0
      Ice Cave |   0.4 |   0.4 |   0.0 |   0.0 |   0.2 | 3256.0
               +-------+-------+-------+-------+-------+----------------------
